 Dungeon Crawl Stone Soup version 0.19.1-28-ge1247f7 (webtiles) character file.

45 dngmouse the Skirmisher (level 3, 0/33 HPs)
             Began as a Minotaur Fighter on Jan 21, 2017.
             Slain by Sigmund
             ... wielding a +0 scythe
              (8 damage)
             ... on level 2 of the Dungeon.
             The game lasted 00:04:38 (860 turns).

dngmouse the Skirmisher (Minotaur Fighter)           Turns: 860, Time: 00:04:39

Health: 0/33       AC: 10    Str: 31    XL:     3   Next: 42%
Magic:  2/2        EV:  6    Int: 12    God:
Gold:   64         SH: 10    Dex: 12    Spells: 0 memorised, 2 levels left

rFire  . . .     SeeInvis .     a - +0 flail
rCold  . . .     Gourm    .     k - +0 chain mail
rNeg   . . .     Faith    .     c - +0 shield
rPois  .         Spirit   .     (helmet restricted)
rElec  .         Reflect  .     (no cloak)
rCorr  .         Harm     .     h - +0 pair of gloves
MR     .....                    (no boots)
Stlth  ..........               (no amulet)
                                (no ring)
                                o - +6 ring of strength

@: mighty, brilliant, drained
A: retaliatory headbutt, fangs 1, horns 2, agile 1, clever 1
a: no special abilities


You were on level 2 of the Dungeon.
You were not hungry.

You visited 1 branch of the dungeon, and saw 2 of its levels.

You collected 64 gold pieces.

Inventory:

Hand Weapons
 a - a +0 flail (weapon)
 m - a cursed -1 mace
Armour
 c - a +0 shield (worn)
 h - a +0 pair of gloves (worn)
 k - a +0 chain mail (worn)
Jewellery
 o - a +6 ring of strength (left hand)
Scrolls
 e - a scroll of immolation {unknown}
 l - a scroll of identify {unknown}
Potions
 i - a potion of brilliance
Comestibles
 f - a bread ration
 g - 8 chunks of flesh
 n - a slice of pizza


   Skills:
 + Level 4.3(3.2) Fighting
 * Level 4.1(3.0) Maces & Flails
 - Level 3.6(2.5) Armour
 - Level 3.6(2.5) Shields


You had 2 spell levels left.
You didn't know any spells.

Dungeon Overview and Level Annotations

Branches:
Dungeon (2/15)

Altars:
Xom

Annotations:
D:2 Sigmund


Innate Abilities, Weirdness & Mutations

You reflexively headbutt those who attack you in melee.
You have a pair of horns on your head.
You have very sharp teeth.
You are agile. (Dex +2)
Your mind is acute. (Int +2)


Message History

Your shield and chain mail prevent you from hitting something.
Your headbutt misses something. Your bite misses something.
You feel less confused.
You closely miss something. You headbutt something!
Something hits you but does no damage.
You barely miss something. You headbutt something.
You hear some strange, mumbled words.
A puff of flame appears from out of thin air!
The puff of flame hits you!
* * * LOW HITPOINT WARNING * * *
Something hits you but does no damage.
You barely miss something. Your headbutt misses something. You bite something!
You completely miss something.
You hear some strange, mumbled words.
A magic dart appears from out of thin air!
The magic dart hits you!
* * * LOW HITPOINT WARNING * * *
Something hits you but does no damage.
You closely miss something. Your bite misses something. Something hits you!
You die...

###........# #.{....#
...........# #......#
###........# ###..>##
).##'####### #.### #.##.#
#.# #.##.# #.# #....# #.#
#######################.#
................@{......#
#########################


There were no monsters in sight!

Vanquished Creatures
  An adder (D:2)
  A leopard gecko (D:1)
  6 bats
  4 giant cockroaches
  4 goblins (D:1)
  4 hobgoblins
  4 jackals (D:1)
  A ball python (D:2)
  6 frilled lizards
  A kobold (D:1)
32 creatures vanquished.

Notes
Turn   | Place    | Note
-------+----------+-------------------------------------------
     0 | D:1      | dngmouse the Minotaur Fighter began the quest for the Orb.
     0 | D:1      | Reached XP level 1. HP: 19/19 MP: 0/0
   114 | D:1      | Reached XP level 2. HP: 27/27 MP: 1/1
   480 | D:1      | Reached XP level 3. HP: 33/33 MP: 2/2
   781 | D:2      | Found a shimmering altar of Xom.
   782 | D:2      | Found a shimmering altar of Xom.
   783 | D:2      | Found a shimmering altar of Xom.
   783 | D:2      | Noticed Sigmund
   846 | D:2      | Gained mutation: You have very sharp teeth. [potion of mutation]
   846 | D:2      | Gained mutation: Your mind is acute. (Int +2) [potion of mutation]
   846 | D:2      | Gained mutation: You are agile. (Dex +2) [potion of mutation]
   860 | D:2      | Slain by Sigmund

Skill      XL: |  1  2  3 |
---------------+----------+-----
Maces & Flails | 3 4 |  4.1
Fighting       | 4 |  4.3
Armour         | |  3.6
Shields        | |  3.6

Action                   || total
-------------------------++-------
Melee: Flail             ||   102
       Headbutt          ||    11
       Bite              ||     2
  Use: Potion            ||     4
Armor: Scale mail        ||    37
       Chain mail        ||    32
Dodge: Dodged            ||    30
Block: Shield            ||    51
